AoeStats
← Runxi24

African Clearing

504181793Analyzed
4v4 RM · 28d ago on Sep 4, 2026· 60m 37s· 8 players
Game mode
Random Map
Map size
Large (8 player)
Population
200
Speed
Normal
Resources
Standard
Victory
Conquest
Starting age
Dark Age
Ending age
Imperial Age
RankedLock teamsTeams togetherTeam positionsShared explorationLock speedFull tech treeHidden civsTurbo modeCheats
Victory
Defeat
🇪🇸 Poles · Spain
1231
+14
🇪🇸 Maya · Spain
1202
+15
🇻🇳 Georgians · Vietnam
1176
+16
🇮🇳 Mongols · India
1133
+18
🇲🇦 Celts · Morocco
1215
-17
🇳🇿 Ethiopians · New Zealand
1191
-16
🇲🇽 Huns · Mexico
1184
-16
🇺🇸 Muisca · United States
1144
-14
Phu Thuy
5:20 Loom
13:36 Feudal Age
15:20 Double-Bit Axe
17:38 Castle Age
29:46 Fletching
35:11 Bow Saw
35:03 Horse Collar
37:08 Wheelbarrow
38:08 Hand Cart
37:44 Town Watch
38:18 Bodkin Arrow
38:59 Stone Mining
39:01 Gold Mining
42:41 Imperial Age
40:47 Svan Towers
41:21 Scale Barding Armor
41:30 Forging
41:44 Treadmill Crane
42:26 Ballistics
42:19 Masonry
42:05 Murder Holes
42:33 Chain Barding Armor
43:25 Iron Casting
42:52 Elite Monaspa
44:11 Hoardings
44:41 Plate Barding Armor
45:13 Blast Furnace
44:25 Aznauri Cavalry
44:29 Heavy Plow
46:15 Bracer
47:18 Chemistry
47:01 Stone Shaft Mining
46:53 Conscription
47:07 Bloodlines
46:58 Husbandry
48:48 Architecture
49:49 Siege Engineers
53:43 Fortified Wall
53:35 Padded Archer Armor
53:36 Scale Mail Armor
ReyCocobolo
8:17 Loom
11:26 Loom
13:42 Feudal Age
14:34 Double-Bit Axe
14:53 Town Watch
15:33 Horse Collar
19:46 Castle Age
20:45 Bow Saw
20:38 Heavy Plow
28:27 Fletching
30:54 Bodkin Arrow
32:30 Ballistics
34:53 Murder Holes
46:43 Wheelbarrow
47:58 Wheelbarrow
47:42 Padded Archer Armor
49:09 Leather Archer Armor
50:55 Hand Cart
54:36 Imperial Age
53:41 Gold Mining
53:42 Stone Mining
55:17 Bracer
56:19 Chemistry
54:41 Elite Plumed Archer
55:42 Conscription
54:56 Capped Ram
56:16 Ring Archer Armor
55:55 Treadmill Crane
56:12 Siege Ram
57:28 Thumb Ring
59:25 Chemistry
58:10 Treadmill Crane
Alex
5:04 Loom
14:21 Feudal Age
16:49 Fletching
22:15 Town Watch
22:58 Padded Archer Armor
29:51 Castle Age
28:59 Bloodlines
30:40 Elite Skirmisher
37:14 Stone Mining
40:16 Wheelbarrow
40:18 Bodkin Arrow
41:05 Horse Collar
45:32 Imperial Age
44:50 Ballistics
45:03 Guard Tower
46:20 Hand Cart
46:19 Town Patrol
46:54 Leather Archer Armor
46:39 Double-Bit Axe
47:45 Conscription
48:31 Bracer
49:11 Parthian Tactics
49:31 Murder Holes
49:43 Caravan
50:35 Elite Mangudai
52:54 Drill
54:19 Chemistry
53:30 Masonry
56:45 Bow Saw
57:18 Hoardings
57:49 Nomads
60:25 Thumb Ring
Runxi24
9:35 Loom
13:04 Feudal Age
14:30 Double-Bit Axe
17:57 Wheelbarrow
20:21 Bloodlines
22:26 Scale Barding Armor
23:05 Horse Collar
27:13 Castle Age
27:36 Forging
28:38 Chain Barding Armor
29:09 Husbandry
28:44 Light Cavalry
31:41 Iron Casting
31:50 Hand Cart
35:49 Szlachta Privileges
42:50 Heavy Plow
49:22 Imperial Age
47:25 Town Watch
47:32 Town Watch
49:33 Bow Saw
50:10 Cavalier
52:50 Blast Furnace
53:11 Gold Mining
53:44 Caravan
56:13 Coinage
59:48 Spies/Treason
[VL]_EoMeR_
6:46 Loom
14:28 Feudal Age
19:30 Castle Age
18:31 Padded Archer Armor
18:46 Double-Bit Axe
20:29 Leather Archer Armor
23:52 Fletching
28:51 Bodkin Arrow
30:34 Ballistics
39:05 Imperial Age
39:49 Scale Barding Armor
40:15 Forging
39:28 Cavalier
40:54 Chain Barding Armor
42:36 Plate Barding Armor
42:38 Iron Casting
46:17 Blast Furnace
The HypnoToad
3:54 Loom
15:39 Feudal Age
17:24 Double-Bit Axe
19:58 Stone Mining
23:03 Gold Mining
22:54 Horse Collar
31:22 Champi Runner
35:23 Castle Age
33:48 Scale Mail Armor
38:00 Castle Age
43:17 Sanctity
44:58 Sanctity
46:20 Fervor
50:23 Redemption
DeepBlue_
5:54 Loom
15:44 Feudal Age
15:47 Man-at-Arms
16:55 Double-Bit Axe
23:30 Castle Age
21:22 Horse Collar
24:19 Castle Age
22:26 Stone Mining
25:42 Bow Saw
26:37 Scale Mail Armor
27:41 Wheelbarrow
29:40 Gold Mining
34:36 Gold Shaft Mining
35:06 Chain Mail Armor
40:35 Imperial Age
38:21 Hand Cart
40:05 Town Watch
41:26 Stone Shaft Mining
40:55 Heavy Plow
40:48 Capped Ram
42:17 Forging
44:50 Iron Casting
44:32 Pikeman
45:47 Plate Mail Armor
47:09 Blast Furnace
46:43 Halberdier
WILL.I.AM
10:46 Loom
13:28 Feudal Age
17:41 Castle Age
15:40 Double-Bit Axe
16:05 Horse Collar
18:58 Fletching
19:59 Crossbowman
20:51 Bodkin Arrow
28:48 Padded Archer Armor
29:44 Heavy Plow
32:43 Wheelbarrow
31:54 Town Watch
35:04 Hand Cart
35:20 Thumb Ring
35:48 Leather Archer Armor
36:29 Gold Mining
37:26 Stone Mining
38:43 Bow Saw
42:40 Imperial Age
41:09 Ballistics
44:23 Chemistry
44:00 Bracer
44:03 Arbalester
45:34 Conscription
51:32 Two-Man Saw
53:06 Town Patrol
54:10 Ring Archer Armor
Connection lost

Rejoining the realm…

Still unreachable

The connection could not be restored.

Session expired

The server has moved on; the page needs a fresh start.